 Dungeon Crawl Stone Soup version 0.28-a0-563-gf77a47075d (webtiles) character file.

Game seed: 9138280478749243522

84 Sabo the Chopper (level 4, 0/52 HPs)
             Began as a Demonspawn Berserker on Sept 30, 2021.
             Was a Believer of Trog.
             Succumbed to an adder's poison
             ... on level 2 of the Dungeon.
             The game lasted 00:07:03 (1941 turns).

Sabo the Chopper (Demonspawn Berserker)             Turns: 1941, Time: 00:07:03

Health: 0/52       AC:  2    Str: 19    XL:     4   Next: 24%
Magic:  4/4        EV: 12    Int:  8    God:    Trog [**....]
Gold:   73         SH:  4    Dex: 12    Spells: 3/3 levels left

rFire   . . .      SeeInvis .   a - +0 hand axe
rCold   . . .      Faith    .   (no shield)
rNeg    . . .      Spirit   .   b - +0 animal skin
rPois   .          Reflect  .   (no helmet)
rElec   .          Harm     .   (no cloak)
rCorr   .          Rampage  .   (no gloves)
Will    .....                   (no boots)
Stlth   ..........              (no amulet)
HPRegen 0.17/turn               (no ring)
MPRegen 0.09/turn               (no ring)

@: berserking (expiring), lethally poisoned (0 -> -1), very quick
A: claws 1, condensation shield
a: Renounce Religion, Berserk, Trog's Hand


You were on level 2 of the Dungeon.
You worshipped Trog.
Trog was pleased with you.
You visited 1 branch of the dungeon, and saw 2 of its levels.

You collected 73 gold pieces.

Inventory:

Hand Weapons
 a - a +0 hand axe (weapon)
Missiles
 g - 13 arrows
 h - 12 sling bullets
Armour
 b - a +0 animal skin (worn)
Scrolls
 c - a scroll of teleportation {unknown}
 e - a scroll of enchant armour {unknown}
 f - a scroll of fear {unknown}
Potions
 d - a potion of mutation {unknown}


   Skills:
 + Level 3.5 Fighting
 + Level 3.7 Axes
 + Level 1.9 Armour
 + Level 2.4 Dodging
 + Level 0.1 Stealth
 + Level 0.5 Shields


You had 3 spell levels left.
You didn't know any spells.
Your spell library was empty.

Dungeon Overview and Level Annotations

Branches:
Dungeon (2/15)

Altars:


Innate Abilities, Weirdness & Mutations

You have sharp fingernails.
A meltable shield of frost defends you. (SH +4)


Message History

You hit the worm but do no damage.
The worm is lightly wounded.
You hit the worm but do no damage. You block the worm's attack.
The worm misses you.
You barely miss the worm. You hit the worm. You block the worm's attack.
The worm bites you. The adder bites you but does no damage.
You hit the worm but do no damage. You hit the adder. You barely miss the worm.
The adder closely misses you.
You barely miss the worm. You hit the worm but do no damage. You hit the adder.
The adder bites you. The worm barely misses you. The worm misses you.
A red film seems to cover your vision as you go berserk!
You feel yourself moving faster!
You feel mighty! The adder bites you. The worm barely misses you.
The worm bites you! The adder bites you.
* * * LOW HITPOINT WARNING * * *
You are poisoned.
The adder poisons you!
You slash the adder!
You kill the adder!
Trog accepts your kill.
You slash the worm! x2; You feel sick.
You feel sick. The worm bites you!
* * * LOW HITPOINT WARNING * * *
You see here an adder corpse.
You feel a strong urge to attack something.
* * * LOW HITPOINT WARNING * * *
You feel sick.
You slash the worm!
You kill the worm!
Trog accepts your kill.
You slash the worm!
You kill the worm!
Trog accepts your kill.
You can now call upon Trog for regeneration and willpower.
There is a lethal amount of poison in your body!
You are too berserk!
* * * LOW HITPOINT WARNING * * *
You feel sick.
You see here an adder corpse.
You feel a strong urge to attack something.
You die...

#.#
#########.########
#............##...
#.######..##.##.##
#.######.###.##(##
#†................
#.######..........
##.## #..##.##.#.
##†@.##
#..##....#.
#.....#
#..#######)
#..........# # #)
#.............. #†
#...........### #.
..#.##.....## #. #
#. ##...## #. #
##.## #. .. ..


There were no monsters in sight!

Vanquished Creatures
  A hound (D:2)
  An adder (D:2)
  2 worms (D:2)
  A dart slug (D:1)
  3 endoplasms (D:1)
  A giant cockroach (D:1)
  2 goblins
  5 hobgoblins (D:1)
  3 jackals (D:1)
  3 quokkas (D:1)
  5 ball pythons (D:1)
  3 bats (D:1)
  A frilled lizard (D:1)
  2 kobolds
  3 rats
36 creatures vanquished.

Notes
Turn   | Place    | Note
-------+----------+-------------------------------------------
     0 | D:1      | Sabo the Demonspawn Berserker began the quest for the Orb.
     0 | D:1      | Reached XP level 1. HP: 18/18 MP: 1/1
   531 | D:1      | Gained mutation: A meltable shield of frost defends you.
                  | (SH +4) [demonic ancestry]
   531 | D:1      | Reached XP level 2. HP: 23/24 MP: 2/2
   545 | D:1      | Found a faded altar of an unknown god.
  1244 | D:1      | Reached XP level 3. HP: 29/29 MP: 3/3
  1859 | D:2      | Gained mutation: You have sharp fingernails. [demonic
                  | ancestry]
  1859 | D:2      | Reached XP level 4. HP: 28/35 MP: 4/4
  1938 | D:2      | HP: 2/52 [poisoned by an adder]
  1939 | D:2      | Reached ** piety under Trog
  1941 | D:2      | Succumbed to an adder's poison

Illustrated notes

Levels and vault maps discovered:
D:1:      scummos_arrival_gate, layout_basic, basic_ecumenical_altar,
          nrook_mini_vaults
D:2:      layout_loops_ring, serial_shops, shop, minivault_14

Skill      XL: |  1  2 |
---------------+-------+-----
Axes           | 3 |  3.7
Dodging        | 2 |  2.4
Fighting       | |  3.5
Armour         | |  1.9
Stealth        | |  0.1
Shields        | |  0.5

Action                   |  1- 3 |  4- 6 || total
-------------------------+-------+-------++-------
Melee: Hand axe          |   113 |    11 ||   124
Invok: Berserk           |     1 |     1 ||     2
Armor: Animal skin       |    19 |     2 ||    21
Dodge: Dodged            |    88 |     9 ||    97
Block: Other             |    13 |     4 ||    17

Table legend: (Time is in decaauts)
 A = Elapsed time spent in this place.
 B = Non-inter-level travel time spent in this place.
 C = Inter-level travel time spent in this place.
 D = Time resting spent in this place.
 E = Time spent auto-exploring this place.
 F = Levels seen in this place.
 G = Mean time per level.
                   A        B        C        D        E       F      G
               +--------+--------+--------+--------+--------+-----+--------+
         Total |   1968 |   1968 |      0 |    805 |      0 |   2 |  984.0 |
       Dungeon |   1968 |   1968 |      0 |    805 |      0 |   2 |  984.0 |
               +--------+--------+--------+--------+--------+-----+--------+

Top non-repeatable levels by time:
     D:1: 1753 daAuts
     D:2: 215 daAuts
